 Dungeon Crawl Stone Soup version 0.28.0-43-g3370ac3207 (webtiles) character file.

Game seed: 7783303483240322033

44424 xzight the Severer (level 14, 0/94 HPs)
             Began as a Gargoyle Fighter on Mar 1, 2022.
             Was a High Priest of Okawaru.
             Killed from afar by an oklob plant (10 damage)
             ... with a splash of acid
             ... on level 6 of the Lair of Beasts on Mar 7, 2022.
             The game lasted 00:45:12 (26826 turns).

xzight the Severer (Gargoyle Fighter)              Turns: 26826, Time: 00:45:16

Health: 0/94       AC: 20    Str: 24    XL:     14   Next: 28%
Magic:  20/20      EV:  7    Int: 10    God:    Okawaru [*****.]
Gold:   1014       SH:  4    Dex:  9    Spells: 13/13 levels left

rFire   . . .      SeeInvis .   a - +0 broad axe
rCold   . . .      Faith    .   c - +0 buckler
rNeg    + + .      Spirit   .   D - +0 plate armour
rPois   ∞          Reflect  .   u - +2 helmet
rElec   +          Harm     .   B - +1 cloak {rCorr}
rCorr   +          Rampage  .   l - +1 pair of gloves
Will    +....                   K - +0 pair of boots
Stlth   ..........              w - amulet of the acrobat
HPRegen 0.25/turn               j - ring "Reane Muo" {Wiz Slay+3}
MPRegen 0.17/turn               N - ring of positive energy

@: corroded, flying
A: sickness immunity, AC +10, big wings, negative energy resistance 1,
electricity resistance, torment resistance 1, petrification resistance
a: Renounce Religion, Heroism, Finesse, Duel


You were on level 6 of the Lair of Beasts.
You worshipped Okawaru.
Okawaru was extremely pleased with you.
You visited 3 branches of the dungeon, and saw 18 of its levels.

You collected 1118 gold pieces.
You spent 104 gold pieces at shops.


Innate Abilities, Weirdness & Mutations

You are immune to sickness and miasma.
Your stone body is resilient. (AC +10)
You are immune to poison.
Your large and strong wings let you fly.
You resist negative energy. (rN+)
You are resistant to electric shocks. (rElec)
You are resistant to unholy torment.
You are immune to petrification.


   Skills:
 + Level 13.1 Fighting
 * Level 15.0(15.1) Axes
 - Level 1.3(10.7) Maces & Flails
 + Level 13.1 Armour
 - Level 4.2 Shields
 + Level 8.5 Invocations


You had 13 spell levels left.
You didn't know any spells.
Your spell library contained the following spells:

 Spells                   Type           Power      Damage    Failure   Level
 Sandblast                Erth           0%         2d4       85%         1
 Blink                    Tloc           0%         N/A       92%         2
 Ensorcelled Hibernation  Hex/Ice        0%         N/A       92%         2
 Passwall                 Tmut/Erth      0%         N/A       92%         2
 Static Discharge         Conj/Air       0%         N/A       92%         2
 Wereblood                Tmut           0%         N/A       92%         2
 Lesser Beckoning         Tloc           0%         N/A       99%         3
 Portal Projectile        Hex/Tloc       0%         N/A       99%         3
 Spider Form              Tmut/Pois      0%         N/A       99%         3
 Stone Arrow              Conj/Erth      0%         3d7       99%         3
 Swiftness                Air            0%         N/A       99%         3
 Airstrike                Air            0%         N/A       100%        4
 Anguish                  Hex/Necr       0%         N/A       100%        4
 Hailstorm                Conj/Ice       0%         3d3       100%        4
 Ice Form                 Ice/Tmut       0%         N/A       100%        4
 Blade Hands              Tmut           0%         N/A       100%        5
 Excruciating Wounds      Necr           0%         N/A       100%        5
 Lightning Bolt           Conj/Air       0%         1d11      100%        5
 Manifold Assault         Tloc           0%         N/A       100%        5
 Maxwell's Capacitive Co  Air            0%         ∞         100%        8
 Chain Lightning          Conj/Air       0%         N/A       100%        9
 Sublimation of Blood     Necr           Unusable   N/A       N/A         2
 Simulacrum               Ice/Necr       Unusable   N/A       N/A         6
 Summon Hydra             Summ           Unusable   N/A       N/A         7

Inventory:

Hand Weapons
 a - a +0 broad axe (weapon)
 b - a +2 scimitar of flaming
 g - the +5 morningstar "Wiunlog" {elec, Drain Dex+8 SInv}
   (You found it on level 5 of the Dungeon)

   It occasionally discharges a powerful burst of electricity upon striking a
   foe.
   Dex:       It affects your dexterity (+8).
   SInv:      It lets you see invisible.
   Drain:     It drains your maximum health when unequipped.
 y - a +0 war axe
Missiles
 d - 3 throwing nets {=f}
 p - 3 boomerangs (quivered)
Armour
 c - a +0 buckler (worn)
 l - a +1 pair of gloves (worn)
 u - a +2 helmet (worn)
 B - a +1 cloak of preservation (worn)
 D - a +0 plate armour (worn)
 I - +0 fire dragon scales
 K - a +0 pair of boots (worn)
Magical Staves
 P - a staff of poison {!a}
Jewellery
 j - the ring "Reane Muo" (left hand) {Wiz Slay+3}
   (You took it off an orc wizard on level 8 of the Dungeon)

   [ring of wizardry]

   It improves your spell success rate.
   Slay:      It affects your accuracy & damage with ranged weapons and melee
   (+3).
 w - an amulet of the acrobat (around neck)
 C - an amulet of magic regeneration
 F - a ring of fire
 L - a ring of flight
 N - a ring of positive energy (right hand)
 Z - a ring of wizardry
Wands
 n - a wand of flame (15)
 s - a wand of paralysis (23)
 x - a wand of digging (22)
 A - a wand of iceblast (5)
 J - a wand of mindburst (10)
 R - a wand of polymorph (8)
Scrolls
 f - 2 scrolls of magic mapping
 m - 3 scrolls of fear
 o - 8 scrolls of teleportation {@r2}
 r - 3 scrolls of blinking
 t - 3 scrolls of vulnerability
 z - 2 scrolls of identify {@r1}
 G - 3 scrolls of fog {unknown}
 M - a scroll of holy word {unknown}
 Q - a scroll of torment {unknown}
 T - a scroll of enchant weapon {unknown}
Potions
 e - 5 potions of mutation
 h - 4 potions of flight
 i - 3 potions of heal wounds {@q2}
 k - 3 potions of attraction
 q - a potion of resistance
 v - 2 potions of curing {@q1}
 E - a potion of ambrosia {unknown}
 H - a potion of might
 O - 2 potions of brilliance
 S - a potion of berserk rage {!q}
Miscellaneous
 U - a lightning rod (4/4)

Dungeon Overview and Level Annotations

Branches:
Dungeon (11/15)            Temple (1/1) D:7            Lair (6/6) D:8
  Swamp (0/4) Lair:2       Spider (0/4) Lair:3        Slime (0/5) Lair:6
    Orc (0/2) D:11

Altars:
Ashenzari
Cheibriados
Dithmenos
Elyvilon
Fedhas
Gozag
Hepliaklqana
Kikubaaqudgha
Makhleb
Nemelex Xobeh
Okawaru
Qazlal
Ru
Sif Muna
Trog
Uskayaw
Vehumet
Wu Jian
Xom
Yredelemnul
Zin
The Shining One

Shops:
D:6 (((   D:10 (*

Annotations:
Lair:6 exclusion: 2 oklob plants

..............................
..............................
...../........................
..............................
......................#.......
......#...............#.......
..................#####.#.....
.....................# #......
.#......^..#...>@..P.# .......
..............PP....## .......
....................# .......
...................## #......
.................... .......
...................## #......
..........)......... .......
#........≈≈≈≈≈≈≈....# .......
#..........≈.... .......


You could see 2 oklob plants.


Message History

* * * LOW HITPOINT WARNING * * *
You slash the oklob plant!
The oklob plant is moderately damaged.
You slash the oklob plant!
The oklob plant is heavily damaged.
You hit the oklob plant.
The oklob plant is heavily damaged.
The oklob plant spits acid at you.
The splash of acid hits you but does no damage.
The oklob plant spits acid at you.
The splash of acid hits you but does no damage.
You hit the oklob plant but do no damage.
The oklob plant is heavily damaged.
You slash the oklob plant!
The oklob plant is almost destroyed.
The oklob plant spits acid at you. The splash of acid hits you! You resist.
* * * LOW HITPOINT WARNING * * *
The acid corrodes you! The oklob plant spits acid at you.
The splash of acid hits you! You resist.
* * * LOW HITPOINT WARNING * * *
You hit the oklob plant but do no damage.
The oklob plant is almost destroyed.
The oklob plant spits acid at you. The splash of acid hits you! You resist.
* * * LOW HITPOINT WARNING * * *
The oklob plant spits acid at you. The splash of acid hits you! You resist.
You die...

Skill      XL: |  1  2  3  4  5  6  7  8  9 10 11 12 13 14 |
---------------+-------------------------------------------+-----
Axes           | 2 3 4 5 7 8 10 12 13 14 15 | 15.0
Fighting       | 4 5 7 8 9 10 11 12 13 | 13.1
Armour         | 4 5 6 8 9 10 11 12 13 | 13.1
Shields        | 4 |  4.2
Maces & Flails | 1 |  1.3
Invocations    | 3 5 7 8 |  8.5

Action                   |  1- 3 |  4- 6 |  7- 9 | 10-12 | 13-15 || total
-------------------------+-------+-------+-------+-------+-------++-------
Melee: War axe           |    84 |   183 |    98 |       |       ||   365
       Morningstar       |       |       |    15 |       |       ||    15
       Broad axe         |       |       |   206 |   854 |   613 ||  1673
       Scimitar          |       |       |       |     3 |    20 ||    23
Throw: Boomerang         |       |       |       |     9 |     2 ||    11
Invok: Finesse           |       |       |       |       |     2 ||     2
Evoke: Wand              |       |       |       |     2 |       ||     2
  Use: Scroll            |       |     8 |     3 |     4 |     4 ||    19
       Potion            |       |       |     3 |     9 |     2 ||    14
Armor: Scale mail        |    52 |   123 |       |       |       ||   175
       Steam dragon scal |       |     2 |    53 |       |       ||    55
       Chain mail        |       |       |   195 |   202 |       ||   397
       Skin              |       |       |    48 |    21 |       ||    69
       Plate armour      |       |       |       |   603 |   587 ||  1190
Dodge: Dodged            |    35 |   104 |   141 |   354 |   248 ||   882
Block: Buckler           |    16 |    52 |    92 |   216 |   145 ||   521

Levels and vault maps discovered:
D:1:      dpeg_arrival_round_a, layout_loops_ring
D:2:      layout_basic, basic_altar, chequers_ecumenical_altar_simple,
          kennysheep_jessica_study
D:3:      layout_loops_ring, lexackson_kobold_supper
D:4:      minmay_clustersquares, layout_loops_ring, dk_vineyard_3,
          ebering_dispersal_statue_hall, uniq_robin
D:5:      layout_gridville
D:6:      layout_loops_corners, minitemple, yredelemnul_forgotten_temple_becter,
          serial_shops, nicolae_shop_statue_plus, kennysheep_little_box,
          shop_fountains
D:7:      layout_basic, minmay_temple_entry_mist, uniq_crazy_yiuf_cottage,
          uniq_maggie, uniq_harold
D:8:      nzn_winding_woodlands_stair_cross [nzn_winding_woodlands_5x15_cabin,
          nzn_winding_woodlands_center_diamonds,
          nzn_winding_woodlands_5x15_pathside_ponds,
          nzn_winding_woodlands_5x5_three,
          nzn_winding_woodlands_5x5_closed_star,
          nzn_winding_woodlands_5x15_sidewinder,
          nzn_winding_woodlands_center_garden,
          nzn_winding_woodlands_5x15_sawtooth], layout_basic,
          fedhas_ov_isle_minmay, uniq_grum
D:9:      layout_stronghold, mainiacjoe_overflow_catwalk
D:10:     layout_layer_cave, grunt_temple_overflow_diamond, zin_purify,
          mainiacjoe_overflow_large_starburst, serial_shops,
          nicolae_shop_bloodbath_and_beyond
D:11:     layout_roguey, erik_orc_3, portal_ice_cave_entry_imps,
          gauntlet_entry_generic
Temple:   minmay_temple_curvy_loop
Lair:1:   layout_cave_pods
Lair:2:   layout_hall_layers, minmay_swamp_entry_swarm, basic_altar
Lair:3:   layout_cave_pods, spider_nest_entry_web_field
Lair:4:   layout_misc_corridors, infiniplex_staircase_pool_2,
          serial_bayou_shore_b, grunt_megastairs_4
Lair:5:   layout_cave_pods, grunt_forest_stairs_basic, eino_house_with_fridge,
          serial_bayou_shore_b, grunt_megastairs_1
Lair:6:   minmay_lair_end_enchanted_forest, layout_hall_layers,
          minmay_slime_entry_oklob_open, chequers_serial_rivers_micro_e,
          nicolae_quartered_pool_little, chequers_serial_rivers_marsh

Notes
Turn   | Place    | Note
-------+----------+-------------------------------------------
     0 | D:1      | xzight the Gargoyle Fighter began the quest for the Orb.
     0 | D:1      | Reached XP level 1. HP: 14/14 MP: 1/1
   172 | D:1      | Reached skill level 2 in Axes
   246 | D:1      | Reached XP level 2. HP: 19/19 MP: 2/2
   918 | D:2      | Found a faded altar of an unknown god.
   934 | D:2      | Identified the +10 hunting sling of Grontol {flame, Str+3
                  | Int+3 Stlth+}
   951 | D:2      | Reached XP level 3. HP: 23/23 MP: 3/3
  1199 | D:2      | Found a sparkling altar of Nemelex Xobeh.
  1418 | D:2      | Noticed Jessica
  1426 | D:2      | Reached XP level 4. HP: 29/29 MP: 4/4
  1434 | D:2      | Killed Jessica
  1435 | D:2      | Reached skill level 3 in Axes
  1981 | D:3      | Reached skill level 4 in Fighting
  2170 | D:3      | Reached skill level 4 in Armour
  2170 | D:3      | Reached skill level 4 in Shields
  2313 | D:3      | Reached XP level 5. HP: 33/33 MP: 5/5
  3005 | D:4      | Reached XP level 6. HP: 30/39 MP: 6/6
  3146 | D:4      | Noticed Robin
  3163 | D:4      | Killed Robin
  3195 | D:4      | Reached skill level 4 in Axes
  3828 | D:5      | Entered Level 5 of the Dungeon
  3843 | D:5      | Reached XP level 7. HP: 44/44 MP: 7/7
  4045 | D:5      | Reached skill level 5 in Fighting
  4045 | D:5      | Reached skill level 5 in Armour
  4327 | D:5      | Reached skill level 5 in Axes
  4527 | D:5      | Identified the +5 morningstar "Wiunlog" {elec, Drain Dex+8
                  | SInv}
  4667 | D:5      | Reached skill level 1 in Maces & Flails
  5293 | D:6      | Found an opulent altar of Gozag.
  5295 | D:6      | Found a hide-covered altar of Uskayaw.
  5339 | D:6      | Found Vatsoj's Weapon Boutique.
  5349 | D:6      | Found Huuqahul's Weapon Shoppe.
  5501 | D:6      | Reached XP level 8. HP: 10/50 MP: 8/8
  5917 | D:6      | Found Adwogut's Antique Weapon Emporium.
  5922 | D:6      | Bought a broad axe for 104 gold pieces
  6033 | D:6      | Found a basalt altar of Yredelemnul.
  6334 | D:7      | Reached skill level 6 in Fighting
  6512 | D:7      | Found a runed translucent door.
  6513 | D:7      | Noticed Crazy Yiuf
  6570 | D:7      | Reached skill level 6 in Armour
  6609 | D:7      | Reached skill level 6 in Axes
  7267 | D:7      | Found a staircase to the Ecumenical Temple.
  7313 | D:7      | Noticed Maggie
  7323 | D:7      | Killed Maggie
  7324 | D:7      | Reached skill level 7 in Fighting
  7324 | D:7      | Reached skill level 7 in Axes
  7324 | D:7      | Reached XP level 9. HP: 49/57 MP: 9/9
  7385 | D:7      | Reached skill level 7 in Armour
  7638 | D:7      | Noticed Harold
  7654 | D:7      | Killed Harold
  7655 | D:7      | Reached skill level 8 in Axes
  7994 | Temple   | Entered the Ecumenical Temple
  8473 | D:7      | Killed Crazy Yiuf
  8595 | D:8      | Noticed Grum
  8608 | D:8      | Reached skill level 8 in Fighting
  8608 | D:8      | Reached skill level 8 in Armour
  8608 | D:8      | Killed Grum
  8611 | D:8      | Reached XP level 10. HP: 46/64 MP: 10/10
  8714 | D:8      | Reached skill level 9 in Axes
  8807 | D:8      | Found a blossoming altar of Fedhas.
  9909 | D:8      | Found a staircase to the Lair.
  9953 | D:8      | Noticed a manticore
  9996 | D:8      | Killed a manticore
 10261 | D:8      | Reached skill level 9 in Fighting
 10289 | D:8      | Noticed a two-headed ogre
 10312 | D:8      | Killed a two-headed ogre
 10313 | D:8      | Reached skill level 10 in Axes
 10313 | D:8      | Reached skill level 9 in Armour
 10519 | D:8      | Noticed a manticore
 10683 | D:8      | Killed a manticore
 10684 | D:8      | Reached XP level 11. HP: 49/71 MP: 11/11
 10739 | D:8      | Identified the ring "Reane Muo" {Wiz Slay+3}
 10883 | D:8      | Got the Tome of the Birds
 11689 | D:9      | Found a shimmering blue altar of Sif Muna.
 12671 | D:9      | Found a shimmering blue altar of Sif Muna.
 13442 | D:10     | Entered Level 10 of the Dungeon
 13446 | D:10     | Found Zin's Purification Station.
 13451 | D:10     | Found a glowing silver altar of Zin.
 13461 | D:10     | Noticed a two-headed ogre
 13464 | D:10     | Noticed a two-headed ogre
 13486 | D:9      | Killed a two-headed ogre
 13487 | D:9      | Reached skill level 11 in Axes
 13868 | D:10     | Killed a two-headed ogre
 13869 | D:10     | Reached skill level 10 in Fighting
 13869 | D:10     | Reached skill level 10 in Armour
 14400 | D:10     | Found a white marble altar of Elyvilon.
 14402 | D:10     | Found a burning altar of Makhleb.
 14580 | D:10     | Found an iron altar of Okawaru.
 14583 | D:10     | Found a snail-covered altar of Cheibriados.
 14587 | D:10     | Found an ancient bone altar of Kikubaaqudgha.
 14593 | D:10     | Became a worshipper of Warmaster Okawaru
 14739 | D:10     | Found Cokefeoz's Weapon Shop.
 15603 | D:11     | Reached skill level 1 in Invocations
 15614 | D:11     | Noticed a cyclops
 15635 | D:11     | Killed a cyclops
 15884 | D:11     | Found a frozen archway.
 16035 | D:11     | Reached skill level 2 in Invocations
 16401 | D:11     | Found a staircase to the Orcish Mines.
 16905 | Lair:1   | Entered Level 1 of the Lair of Beasts
 16910 | Lair:1   | Reached * piety under Okawaru
 16911 | Lair:1   | Reached skill level 12 in Axes
 17002 | Lair:1   | Reached skill level 3 in Invocations
 17002 | Lair:1   | Reached XP level 12. HP: 64/79 MP: 14/14
 17544 | Lair:1   | Reached skill level 11 in Fighting
 17605 | Lair:1   | Reached skill level 11 in Armour
 17605 | Lair:1   | Reached ** piety under Okawaru
 17789 | Lair:1   | Reached skill level 4 in Invocations
 18472 | Lair:2   | Reached *** piety under Okawaru
 18879 | Lair:2   | Found a staircase to the Swamp.
 18965 | Lair:2   | Reached skill level 5 in Invocations
 19006 | Lair:2   | Found a snail-covered altar of Cheibriados.
 19031 | Lair:2   | Reached skill level 13 in Axes
 19507 | Lair:3   | Noticed an eight-headed hydra
 19515 | Lair:3   | Killed a five-headed hydra
 19595 | Lair:3   | Reached **** piety under Okawaru
 19812 | Lair:3   | Received a gift from Okawaru
 20197 | Lair:3   | Reached XP level 13. HP: 85/85 MP: 17/17
 20306 | Lair:3   | Found a hole to the Spider Nest.
 20347 | Lair:3   | HP: 6/85 [eight-headed hydra (11)]
 20720 | Lair:3   | Reached skill level 6 in Invocations
 21027 | Lair:3   | Reached skill level 12 in Fighting
 21027 | Lair:3   | Reached skill level 12 in Armour
 21215 | Lair:3   | Reached ***** piety under Okawaru
 21311 | Lair:3   | You fall into a shaft and drop 2 floors!
 21620 | Lair:4   | Received a gift from Okawaru
 22059 | Lair:4   | Reached skill level 14 in Axes
 22429 | Lair:4   | Reached skill level 7 in Invocations
 22449 | Lair:4   | Identified the +2 chain mail "Potyfa" {rPois} (Okawaru
                  | gifted it to you on level 4 of the Lair of Beasts)
 22449 | Lair:4   | Received a gift from Okawaru
 23852 | Lair:5   | Identified 2 potions of resistance
 24395 | Lair:6   | Entered Level 6 of the Lair of Beasts
 25683 | Lair:6   | Gained mutation: Your large and strong wings let you fly.
                  | [Gargoyle growth]
 25683 | Lair:6   | Reached XP level 14. HP: 80/92 MP: 19/19
 25690 | Lair:6   | Reached skill level 8 in Invocations
 25790 | Lair:6   | Reached skill level 13 in Fighting
 26130 | Lair:6   | Reached skill level 13 in Armour
 26530 | Lair:6   | Reached skill level 15 in Axes
 26555 | Lair:6   | Received a gift from Okawaru
 26787 | Lair:6   | Found a staircase to the Slime Pits.
 26826 | Lair:6   | Killed from afar by an oklob plant

Vanquished Creatures
  Harold (D:7)
  A catoblepas (Lair:5)
  3 hydras (Lair:3)
  3 two-headed ogres
  A death yak (Lair:4)
  A lindwurm (Lair:4)
  A necromancer (Lair:5)
  2 oklob plants (Lair:6)
  2 manticores (D:8)
  A cyclops (D:11)
  4 elephants (Lair:6)
  4 black mambas
  12 cane toads
  A torpor snail (Lair:4)
  A gargoyle (D:11)
  4 rime drakes
  3 unseen horrors (D:11)
  Maggie (D:7)
  5 komodo dragons
  A troll (D:9)
  7 polar bears
  23 blink frogs
  5 dream sheep
  5 hornets
  A wraith (D:11)
  A shadow (D:10)
  9 spriggans
  30 yaks
  2 wyverns
  4 steam dragons
  A basilisk (D:8)
  Grum (D:8)
  9 vampire mosquitoes
  3 acid dragons
  11 water moccasins
  7 orc warriors
  A necrophage (D:5)
  4 black bears
  4 boggarts (Lair:6)
  3 ogres
  38 wolves
  5 centaurs
  A phantom (D:6)
  2 kobold brigands (D:7)
  3 scorpions
  A wyvern zombie (D:9)
  13 bullfrogs
  A wyvern skeleton (D:7)
  12 killer bees
  A wight (D:8)
  3 howler monkeys (D:8)
  2 centaur zombies
  A jelly (D:4)
  9 orc priests
  3 hounds
  Crazy Yiuf (D:7)
  2 bullfrog skeletons
  A gnoll shaman (D:8)
  Jessica (D:2)
  A centaur skeleton (D:7)
  4 iguanas
  14 orc wizards
  3 polar bear simulacra (Lair:5)
  5 yak simulacra (Lair:5)
  A killer bee zombie (D:8)
  3 wolf simulacra (Lair:5)
  Robin (D:4)
  9 adders
  A howler monkey skeleton (D:4)
  2 shadow imps
  14 white imps
  3 ufetubi
  An adder skeleton (D:4)
  2 worms
  2 dart slugs
  28 orcs
  3 bats
  8 endoplasms
  2 giant cockroaches (D:2)
  12 hobgoblins
  3 jackals (D:4)
  18 kobolds
  3 quokkas
  7 ball pythons
  3 frilled lizards
  13 goblins
  6 rats
  A spectral orc (D:6)
456 creatures vanquished.

Vanquished Creatures (others)
  21 fungi
  40 plants
61 creatures vanquished.

Grand Total: 517 creatures vanquished

Table legend: (Time is in decaauts)
 A = Elapsed time spent in this place.
 B = Non-inter-level travel time spent in this place.
 C = Inter-level travel time spent in this place.
 D = Time resting spent in this place.
 E = Time spent auto-exploring this place.
 F = Levels seen in this place.
 G = Mean time per level.
                   A        B        C        D        E       F      G
               +--------+--------+--------+--------+--------+-----+--------+
         Total |  27103 |  26025 |   1078 |   9833 |  11395 |  18 | 1505.7 |
       Dungeon |  17118 |  16195 |    923 |   5587 |   7544 |  11 | 1556.2 |
        Temple |    225 |    201 |     24 |      0 |    182 |   1 |  225.0 |
          Lair |   9759 |   9629 |    130 |   4246 |   3669 |   6 | 1626.5 |
               +--------+--------+--------+--------+--------+-----+--------+

Top non-repeatable levels by time:
     D:8: 2757 daAuts
     D:9: 2580 daAuts
     D:7: 2009 daAuts
  Lair:6: 1911 daAuts
  Lair:5: 1783 daAuts
  Lair:4: 1777 daAuts
    D:11: 1621 daAuts
  Lair:3: 1583 daAuts
     D:6: 1562 daAuts
    D:10: 1490 daAuts
  Lair:1: 1489 daAuts
  Lair:2: 1214 daAuts
     D:5: 1166 daAuts
     D:4: 1152 daAuts
     D:2: 944 daAuts

Table legend:
 A = Non-vault XP
 B = Vault XP
 C = Vault XP percentage of total XP
 D = Non-vault monster count
 E = Vault monster count
 F = Vault count percentage of total count
                 A         B        C        D         E       F
            +---------+---------+-------+---------+---------+-------
      Total |   45096 |   18367 |  28.9 |     296 |     160 |  35.1
            +---------+---------+-------+---------+---------+-------
        D:1 |      21 |       0 |   0.0 |      13 |       0 |   0.0
        D:2 |      66 |      39 |  37.1 |      17 |       2 |  10.5
        D:3 |     109 |      12 |   9.9 |      14 |       8 |  36.4
        D:4 |     131 |     211 |  61.7 |      14 |      25 |  64.1
        D:5 |     436 |       0 |   0.0 |       9 |       0 |   0.0
        D:6 |     372 |       1 |   0.3 |       8 |       1 |  11.1
        D:7 |    1561 |    1257 |  44.6 |      26 |       3 |  10.3
        D:8 |     873 |    4700 |  84.3 |      18 |      31 |  63.3
        D:9 |    1707 |       0 |   0.0 |      12 |       0 |   0.0
       D:10 |    2123 |       0 |   0.0 |      16 |       0 |   0.0
       D:11 |    3169 |     678 |  17.6 |      15 |      30 |  66.7
     Lair:1 |    4953 |       0 |   0.0 |      29 |       0 |   0.0
     Lair:2 |    4816 |     539 |  10.1 |      19 |       3 |  13.6
     Lair:3 |    8169 |       0 |   0.0 |      27 |       0 |   0.0
     Lair:4 |    9747 |     432 |   4.2 |      33 |       3 |   8.3
     Lair:5 |       0 |    3020 | 100.0 |       0 |      17 | 100.0
     Lair:6 |    6843 |    7478 |  52.2 |      26 |      37 |  58.7
            +---------+---------+-------+---------+---------+-------
